AoeStats
← matzoder

Black Forest

510375510Analyzed
2v2 RM · 19h ago on Sep 30, 2026· 35m 35s· 4 players
Game mode
Random Map
Map size
Medium (4 player)
Population
200
Speed
Normal
Resources
Standard
Victory
Conquest
Starting age
Dark Age
Ending age
Imperial Age
RankedLock teamsTeams togetherTeam positionsShared explorationLock speedFull tech treeHidden civsTurbo modeCheats
Victory
Defeat
🇲🇽 Maya · Mexico
1062
+17
🇸🇪 Vikings · Sweden
1038
+18
🇩🇪 Bohemians · Germany
1092
-18
🇩🇪 Inca · Germany
1073
-17
^1Hellraiser ^2Ma^7Ca^1Na
0:43 Loom
13:25 Feudal Age
13:32 Man-at-Arms
14:34 Arson
15:19 Forging
17:04 Scale Mail Armor
25:44 Gold Mining
26:39 Wheelbarrow
25:54 Double-Bit Axe
30:46 Castle Age
30:50 Long Swordsman
31:17 Eagle Warrior
32:03 Horse Collar
33:34 Chain Mail Armor
35 year old virgin
0:25 Loom
11:39 Feudal Age
12:34 Double-Bit Axe
13:34 Gold Mining
14:58 Man-at-Arms
19:14 Forging
23:32 Castle Age
21:47 Scale Mail Armor
23:02 Fletching
24:45 Squires
26:19 Light Cavalry
28:40 Long Swordsman
29:31 Bodkin Arrow
30:14 Iron Casting
29:54 Chain Mail Armor
32:14 Scale Barding Armor
32:54 Bow Saw
35:19 Gold Shaft Mining
Mihawk
1:50 Loom
15:03 Feudal Age
24:52 Castle Age
30:51 Town Watch
matzoder
10:45 Feudal Age
11:17 Champi Runner
19:23 Wheelbarrow
22:55 Castle Age
21:23 Double-Bit Axe
22:53 Fletching
24:13 Bodkin Arrow
23:41 Crossbowman
Connection lost

Rejoining the realm…

Still unreachable

The connection could not be restored.

Session expired

The server has moved on; the page needs a fresh start.